 Dungeon Crawl Stone Soup version 0.30.0-16-gbe6223bb7e (webtiles) character file.

Game seed: 5440289292151292225

259 zazu2006 the Digger (level 6, -1/47 HPs)
             Began as a Gnoll Wanderer on May 20, 2023.
             Blown up by Ijyb (16 damage)
             ... with a mindburst bolt
             ... on level 4 of the Dungeon.
             The game lasted 00:04:49 (2268 turns).

zazu2006 the Digger (Gnoll Wanderer)                Turns: 2268, Time: 00:04:50

Health: -1/47      AC:  6    Str: 15    XL:     6   Next: 17%
Magic:  4/14       EV: 11    Int: 11    God:
Gold:   146        SH:  0    Dex: 10    Spells: 14/15 levels left

rFire   . . .        a - +0 spear
rCold   . . .        (no shield)
rNeg    . . .        e - +0 leather armour
rPois   .            f - +0 helmet
rElec   .            h - +0 cloak
rCorr   .            k - +0 pair of gloves
SInv    .            (no boots)
Will    +....        (no amulet)
Stlth   +            l - ring of willpower
HPRegen 0.27/turn    (no ring)
MPRegen 0.14/turn

%: no passive effects
@: very slightly contaminated
A: fangs 1, strong nose, distributed training
a: no special abilities


You were on level 4 of the Dungeon.
You visited 1 branch of the dungeon, and saw 4 of its levels.

You collected 172 gold pieces.
You spent 26 gold pieces at shops.

Inventory:

Hand Weapons
 a - a +0 spear (weapon)
 c - a +0 dagger
Missiles
 b - 17 poisoned darts (quivered)
 v - a throwing net
Armour
 e - a +0 leather armour (worn)
 f - a +0 helmet (worn)
 h - a +0 cloak (worn)
 k - a +0 pair of gloves (worn)
Jewellery
 l - a ring of willpower (left hand)
 u - an amulet of magic regeneration
Scrolls
 i - 6 scrolls of identify
 q - a scroll of enchant armour {unknown}
 w - a scroll of teleportation {unknown}
Potions
 g - 2 potions of cancellation {unknown}
 j - a potion of ambrosia {unknown}
 m - a potion of lignification {unknown}
 n - a potion of degeneration {unknown}
 o - a potion of flight {unknown}
 p - a potion of attraction {unknown}
 r - a potion of haste {unknown}
 s - a potion of magic {unknown}
 t - a potion of heal wounds {unknown}


   Skills:
 + Level 3.2 Fighting
 + Level 1.9 Short Blades
 + Level 1.9 Long Blades
 + Level 1.9 Axes
 + Level 1.9 Maces & Flails
 + Level 3.2 Polearms
 + Level 1.9 Staves
 + Level 1.9 Ranged Weapons
 + Level 3.2 Throwing
 + Level 3.2 Armour
 + Level 1.9 Dodging
 + Level 1.9 Stealth
 + Level 1.9 Shields
 + Level 1.9 Unarmed Combat
 + Level 5.3 Spellcasting
 + Level 1.5 Conjurations
 + Level 1.5 Hexes
 + Level 1.5 Summonings
 + Level 1.5 Necromancy
 + Level 1.5 Translocations
 + Level 1.5 Transmutations
 + Level 1.5 Fire Magic
 + Level 1.5 Ice Magic
 + Level 1.5 Air Magic
 + Level 5.6 Earth Magic
 + Level 1.5 Poison Magic
 + Level 2.1 Invocations
 + Level 3.2 Evocations


You had 14 spell levels left.
You knew the following spells:

 Your Spells              Type           Power      Damage    Failure   Level
a - Sandblast             Erth           30%        2d9       2%          1

Your spell library contained the following spells:

 Spells                   Type           Power      Damage    Failure   Level
 Stone Arrow              Conj/Erth      20%        3d8       17%         3
 Petrify                  Tmut/Erth      10%        N/A       50%         4


Dungeon Overview and Level Annotations

Branches:
Dungeon (4/15)
 Temple: D:4-7

Altars:
Dithmenos
Fedhas

Shops:
D:2 ?

Annotations:
D:4 Ijyb


Innate Abilities, Weirdness & Mutations

You have very sharp teeth.
Your uncanny sense of smell can sniff out nearby items.
Your experience applies equally to all skills.


Message History

Casting: Sandblast (safe; 2% risk of failure)
Confirm with . or Enter, or press ? or * to list all spells.
Aiming: Sandblast (safe; 2% risk of failure)
Press: ? - help, Shift-Dir - straight line, f/p - Ijyb
Aim: Ijyb, wielding a +0 club, wearing a +0 leather armour and carrying a wand of mindburst (19) (77% to hit)
The blast of sand hits Ijyb but does no damage.
Ijyb zaps a wand.
You resist with some effort.
Unknown command.
Casting: Sandblast (safe; 2% risk of failure)
Confirm with . or Enter, or press ? or * to list all spells.
Aiming: Sandblast (safe; 2% risk of failure)
Press: ? - help, Shift-Dir - straight line, f/p - Ijyb
Aim: Ijyb, wielding a +0 club, wearing a +0 leather armour and carrying a wand of mindburst (18) (77% to hit)
The blast of sand misses Ijyb.
Ijyb closely misses you. Ijyb misses you.
Unknown command.
Casting: Sandblast (safe; 2% risk of failure)
Confirm with . or Enter, or press ? or * to list all spells.
Aiming: Sandblast (safe; 2% risk of failure)
Press: ? - help, Shift-Dir - straight line, f/p - Ijyb
Aim: Ijyb, wielding a +0 club, wearing a +0 leather armour and carrying a wand of mindburst (18) (77% to hit)
The blast of sand hits Ijyb.
Ijyb is moderately wounded.
Ijyb screams, "Me very upset!"
Ijyb completely misses you.
Casting: Sandblast (safe; 2% risk of failure)
Confirm with . or Enter, or press ? or * to list all spells.
Aiming: Sandblast (safe; 2% risk of failure)
Press: ? - help, Shift-Dir - straight line, f/p - Ijyb
Aim: Ijyb, wielding a +0 club, wearing a +0 leather armour and carrying a wand of mindburst (18) (moderately wounded, 77% to hit)
You miscast Sandblast.
You are very lightly contaminated with residual magic.
Nothing appears to happen.
Ijyb zaps a wand.
You resist with some effort.
Casting: Sandblast (safe; 2% risk of failure)
Confirm with . or Enter, or press ? or * to list all spells.
Aiming: Sandblast (safe; 2% risk of failure)
Press: ? - help, Shift-Dir - straight line, f/p - Ijyb
Aim: Ijyb, wielding a +0 club, wearing a +0 leather armour and carrying a wand of mindburst (17) (moderately wounded, 77% to hit)
The blast of sand misses Ijyb.
Ijyb hits you with a +0 club.
Ijyb zaps a wand.
Your mind is blasted!
You die...

#.# #?....... #.#
#........ #.#
#.....(.. #.#
#...g.... #.#
#........ #.#
#........
####.####..).....
#.....@g)........
##.###############
####+####..#
+.......'.##
#.≈...≈.###
#.≈._.§§#
#.≈..§§.#
+..†.§..+
####'####


You could see Ijyb.

Vanquished Creatures
  Sigmund (D:4)
  A hound (D:4)
  Jessica (D:2)
  2 adders (D:2)
  An ufetubus (D:3)
  A worm (D:2)
  3 dart slugs
  6 bats
  4 endoplasms
  3 giant cockroaches (D:2)
  3 goblins
  8 hobgoblins
  3 jackals (D:1)
  3 quokkas
  2 frilled lizards
  5 kobolds
  5 rats
52 creatures vanquished.

Notes
Turn   | Place    | Note
-------+----------+-------------------------------------------
     0 | D:1      | zazu2006 the Gnoll Wanderer began the quest for the Orb.
     0 | D:1      | zazu2006 set off with the following items: a +0 spear, 9
                  | poisoned darts, a +0 dagger, a potion of curing, a +0
                  | leather armour; and the following spell memorised:
                  | Sandblast; and the following spells available to memorise:
                  | Stone Arrow, Petrify.
     0 | D:1      | Reached XP level 1. HP: 17/17 MP: 6/6
   144 | D:1      | Reached XP level 2. HP: 23/23 MP: 7/7
   225 | D:1      | You fall into a shaft and drop 1 floor!
   239 | D:2      | Reached skill level 5 in Spellcasting
   239 | D:2      | Reached XP level 3. HP: 21/28 MP: 7/9
   288 | D:2      | Reached skill level 1 in Invocations
   332 | D:2      | Found Xirr's Magic Scroll Shoppe.
   351 | D:2      | Bought a scroll of identify for 26 gold pieces
   654 | D:2      | Reached skill level 1 in Short Blades
   654 | D:2      | Reached skill level 1 in Long Blades
   654 | D:2      | Reached skill level 1 in Axes
   654 | D:2      | Reached skill level 1 in Maces & Flails
   654 | D:2      | Reached skill level 1 in Staves
   654 | D:2      | Reached skill level 1 in Ranged Weapons
   654 | D:2      | Reached skill level 1 in Dodging
   654 | D:2      | Reached skill level 1 in Stealth
   654 | D:2      | Reached skill level 1 in Shields
   654 | D:2      | Reached skill level 1 in Unarmed Combat
   891 | D:2      | Reached XP level 4. HP: 34/34 MP: 9/11
   908 | D:2      | Noticed Jessica
   912 | D:2      | Killed Jessica
   913 | D:2      | Reached skill level 1 in Conjurations
   913 | D:2      | Reached skill level 1 in Hexes
   913 | D:2      | Reached skill level 1 in Summonings
   913 | D:2      | Reached skill level 1 in Necromancy
   913 | D:2      | Reached skill level 1 in Translocations
   913 | D:2      | Reached skill level 1 in Transmutations
   913 | D:2      | Reached skill level 1 in Fire Magic
   913 | D:2      | Reached skill level 1 in Ice Magic
   913 | D:2      | Reached skill level 1 in Air Magic
   913 | D:2      | Reached skill level 1 in Poison Magic
  1774 | D:3      | Found a shadowy altar of Dithmenos.
  2141 | D:4      | Reached XP level 5. HP: 26/41 MP: 6/12
  2198 | D:4      | Found a blossoming altar of Fedhas.
  2250 | D:4      | Noticed Sigmund
  2252 | D:4      | Noticed Ijyb
  2261 | D:4      | Killed Sigmund
  2262 | D:4      | Reached XP level 6. HP: 13/47 MP: 8/14
  2268 | D:4      | Blown up by Ijyb

Illustrated notes

Levels and vault maps discovered:
D:1:      amcnicky_arrival_underground_garden, layout_rooms
D:2:      layout_basic, serial_shops, shop, grunt_decor_fettered,
          serial_bayou_lagoon_a, uniq_jessica
D:3:      layout_loops_ring, nicolae_dithmenos_shadow_blocks,
          lightli_corner_chamber
D:4:      layout_basic, old_standard_altar, mainiacjoe_overflow_six_doors_small,
          uniq_ijyb, uniq_sigmund

Skill      XL: |  1  2  3  4  5 |
---------------+----------------+-----
Spellcasting   | 5 |  5.3
Invocations    | 1 2 |  2.1
Short Blades   | 1 |  1.9
Long Blades    | 1 |  1.9
Axes           | 1 |  1.9
Maces & Flails | 1 |  1.9
Staves         | 1 |  1.9
Ranged Weapons | 1 |  1.9
Dodging        | 1 |  1.9
Stealth        | 1 |  1.9
Shields        | 1 |  1.9
Unarmed Combat | 1 |  1.9
Conjurations   | 1 |  1.5
Hexes          | 1 |  1.5
Summonings     | 1 |  1.5
Necromancy     | 1 |  1.5
Translocations | 1 |  1.5
Transmutations | 1 |  1.5
Fire Magic     | 1 |  1.5
Ice Magic      | 1 |  1.5
Air Magic      | 1 |  1.5
Poison Magic   | 1 |  1.5
Fighting       | 3 |  3.2
Polearms       | 3 |  3.2
Throwing       | 3 |  3.2
Armour         | 3 |  3.2
Evocations     | 3 |  3.2
Earth Magic    | |  5.6

Action                     |  1- 3 |  4- 6 || total
---------------------------+-------+-------++-------
  Melee: Spear             |    66 |       ||    66
         Bite              |     6 |       ||     6
         Punch             |     1 |       ||     1
   Cast: Sandblast         |    22 |    44 ||    66
    Use: Potion            |       |     1 ||     1
 Armour: Leather armour    |    21 |     2 ||    23
  Dodge: Dodged            |    49 |     9 ||    58
